 Dungeon Crawl Stone Soup version 0.20-a0-1043-gbd57889 (webtiles) character file.

121496 Krakonus1 the Peltast (level 16, -10/149 HPs)
             Began as a Minotaur Fighter on Apr 22, 2017.
             Was the Champion of the Shining One.
             Mangled by an emperor scorpion (14 damage)
             ... on level 1 of the Spider Nest on Apr 24, 2017.
             The game lasted 03:46:49 (29423 turns).

Krakonus1 the Peltast (Minotaur Fighter)           Turns: 29423, Time: 03:46:49

Health: -10/149    AC:  0    Str: 32    XL:     16   Next: 32%
Magic:  0/25       EV: 14    Int: 12    God:    the Shining One [******]
Gold:   300        SH: 28    Dex: 14    Spells: 7/15 levels left

rFire    . . .     SeeInvis +   F - +3 scimitar (flame)
rCold    + + .     Gourm    .   c - +1 shield
rNeg     + + +     Faith    .   h - +4 plate armour {MR+}
rPois    +         Spirit   +   I - +2 hat {SInv}
rElec    .         Reflect  .   X - scarf {rC+}
rCorr    .         Harm     .   O - +0 pair of gloves
MR       ++...                  U - +0 pair of boots
Stlth    ..........             N - amulet of guardian spirit
Regen    0.4/turn               n - ring "Wenguam" {rPois Int+7 Stlth-}
MPRegen  0.2/turn               R - ring "Lekeig" {+Fly rC+ Str+4 Dex+4}

@: divine shield, about to teleport, corroded, glowing
A: retaliatory headbutt, horns 2, molten scales 1, wild magic 1, MP-powered
wands
a: Divine Shield, Cleansing Flame, Summon Divine Warrior, Brand Weapon With Holy
Wrath, Renounce Religion, Evoke Flight


You were on level 1 of the Spider Nest.
You worshipped the Shining One.
The Shining One was exalted by your worship.
You were very hungry.

You visited 6 branches of the dungeon, and saw 26 of its levels.
You also visited: Sewer and Volcano.

You collected 2428 gold pieces.
You spent 2128 gold pieces at shops.

Inventory:

Hand Weapons
 F - a +3 scimitar of flaming (weapon)
Armour
 c - a +1 shield (worn)
 h - a +4 plate armour of magic resistance (worn)
 I - a +2 hat of see invisible (worn)
 O - a +0 pair of gloves (worn)
 U - a +0 pair of boots (worn)
 X - a scarf of cold resistance (worn)
Jewellery
 n - the ring "Wenguam" (left hand) {rPois Int+7 Stlth-}
   (You bought it in a shop on level 9 of the Dungeon)

   [ring of loudness]

   It affects your intelligence (+7).
   It protects you from poison.
   It makes you less stealthy.
 N - an amulet of guardian spirit (around neck)
 R - the ring "Lekeig" (right hand) {+Fly rC+ Str+4 Dex+4}
   (You bought it in a shop on level 9 of the Dungeon)

   [ring of flight]

   It affects your strength (+4).
   It affects your dexterity (+4).
   It protects you from cold.
   It lets you fly.
Wands
 a - a wand of paralysis (13/24)
 b - a wand of confusion (8/48)
 g - a wand of confusion (28/48)
 k - a wand of paralysis (10/24)
 q - a wand of digging (17/24)
 G - a wand of paralysis (14/24)
 H - a wand of polymorph (0/24)
 M - a wand of iceblast (10/15)
 Q - a wand of iceblast (3/15)
 T - a wand of polymorph (9/24)
 V - a wand of acid (4/15)
 W - a wand of flame (11/48)
 Z - a wand of iceblast (2/15)
Scrolls
 e - 4 scrolls of enchant weapon
 j - 11 scrolls of amnesia
 r - 23 scrolls of teleportation
 t - 4 scrolls of enchant armour
 u - 6 scrolls of magic mapping
 J - 13 scrolls of remove curse
 P - 4 scrolls of blinking
 S - 2 scrolls of fog
 Y - 2 scrolls of fear
Potions
 d - a potion of resistance
 i - 3 potions of brilliance
 m - 7 potions of berserk rage
 o - a potion of agility
 p - 5 potions of flight
 s - a potion of cancellation
 x - 4 potions of haste
 B - a potion of might
 C - 2 potions of lignification
 D - 3 potions of magic
 L - 5 potions of mutation
Miscellaneous
 l - a fan of gales (inert)
 y - a lamp of fire
Comestibles
 f - 13 bread rations
 v - 55 fruits
 w - 25 royal jellies
 z - 13 meat rations


   Skills:
 - Level 15.0 Fighting
 - Level 12.0 Long Blades
 - Level 15.0 Armour
 - Level 10.5 Dodging
 - Level 15.2 Shields
 + Level 14.4 Invocations
 - Level 2.5 Evocations


You had 7 spell levels left.
You knew the following spells:

 Your Spells              Type           Power        Failure   Level  Hunger
a - Apportation           Tloc           #.....       89%         1    ##.....
b - Summon Small Mammal   Summ           #...         89%         1    ##.....
c - Confusing Touch       Hex            #.....       89%         1    ##.....
d - Flame Tongue          Conj/Fire      #....        89%         1    ##.....
e - Magic Dart            Conj           #...         89%         1    ##.....
f - Sandblast             Erth           #.....       89%         1    ##.....
g - Passwall              Tmut/Erth      #.........   96%         2    ###....


Dungeon Overview and Level Annotations

Branches:
Dungeon (15/15)            Temple (1/1) D:5            Lair (6/6) D:9
 Shoals (1/4) Lair:3       Spider (1/4) Lair:3        Slime (0/5) Lair:5
    Orc (2/2) D:9             Elf (0/3) Orc:2        Vaults (0/5) D:13
 Depths (0/5) D:15

Altars:
Ashenzari
Cheibriados
Dithmenos
Elyvilon
Fedhas
Gozag
Hepliaklqana
Kikubaaqudgha
Makhleb
Nemelex Xobeh
Okawaru
Qazlal
Ru
Sif Muna
Trog
Uskayaw
Vehumet
Wu Jian
Xom
Yredelemnul
Zin
The Shining One
Jiyva

Shops:
D:9 =   D:14 ?   D:15 *   Orc:1 (   Orc:2 !(((   Shoals:1 *[(

Portals:
Trove: D:15 (give 17 potions of curing)

Annotations:
Lair:5 1 runed door


Innate Abilities, Weirdness & Mutations

You reflexively headbutt those who attack you in melee.
You have a pair of horns on your head.
You are partially covered in molten scales. (AC +2)
Your spells are a little harder to cast, but a little more powerful.
You expend magic power (3 MP) to strengthen your wands.


Message History

The emperor scorpion stings you!!
* * * LOW HITPOINT WARNING * * *
You block the emperor scorpion's attack.
The emperor scorpion claws you.
* * * LOW HITPOINT WARNING * * *
You block the redback's attack. The redback bites you.
* * * LOW HITPOINT WARNING * * *
You are lethally poisoned!
The redback poisons you!
* * * LOW HITPOINT WARNING * * *
You feel very sick.
You feel better. You block the redback's attack. x2
You block the emperor scorpion's attack. x3
You block the redback's attack. The redback bites you!
* * * LOW HITPOINT WARNING * * *
You feel better. You block the redback's attack. The redback bites you!
* * * LOW HITPOINT WARNING * * *
You block the emperor scorpion's attack.
The emperor scorpion claws you!
You die...

.......................
.......................
...........#...........
......................#
................A..>#
...................#
...............##..#
...............s####
.....##.......as@#
.....#.......##s.#
.#######..(..###### ##
#.............##
##...........^.#
##.......[..###
#..........##
##....#....#
#..#.####.#


You could see an emperor scorpion, an entropy weaver and 2 redbacks.

Vanquished Creatures
  Gastronok (Lair:2)
  Roxanne (D:15)
  An orc warlord (Orc:1)
  An emperor scorpion (Spider:1)
  The ghost of crawdingle the Crack Shot, a journeyman CeHu of Okawaru (Orc:1)
  A juggernaut skeleton (D:15)
  An entropy weaver (Spider:1)
  Snorg (Lair:3)
  Josephine (D:15)
  2 fire dragons
  The ghost of aTarkinC the Destroyer, a journeyman GrFE of Vehumet (Lair:5)
  Fannar (Lair:1)
  A hydra (D:13)
  The ghost of badtown the Protected, a journeyman GnWn of Uskayaw (D:10)
  A death knight (D:14)
  5 centaur warriors
  2 catoblepae
  4 two-headed ogres
  A vampire mage (D:15)
  A death yak (Lair:5)
  The ghost of Lucherd the Cleaver, a novice FoFi of Qazlal (D:11)
  Urug (Lair:2)
  3 dancing weapons
  Sonja (D:15)
  3 orc high priests (Orc:2)
  7 skeletal warriors
  An unseen horror (D:12)
  A swamp dragon (Lair:6)
  A tengu zombie (D:15)
  Pikel (D:6)
  A sea snake (Shoals:1)
  4 orc knights
  A sphinx zombie (D:15)
  A wizard (D:15)
  4 harpies (Shoals:1)
  A deep elf mage (D:14)
  An orb spider (Spider:1)
  A necromancer (D:15)
  3 wolf spiders (Spider:1)
  4 orc sorcerers
  2 cyclopes
  3 salamanders (Volcano)
  6 manticores
  11 ugly things
  2 elephants (Lair:5)
  7 black mambas
  2 torpor snails (Spider:1)
  A water nymph (Shoals:1)
  A guardian serpent (shapeshifter) (D:11)
  A merfolk siren (Shoals:1)
  Joseph (D:7)
  A gargoyle (D:10)
  16 spiny frogs
  3 centaur skeletons
  4 rime drakes
  An efreet (D:13)
  A demonic crawler (Spider:1)
  16 komodo dragons
  A freezing wraith (D:14)
  A yaktaur (D:14)
  A queen bee (Lair:5)
  A redback zombie (D:14)
  3 meliai (Lair:5)
  8 trolls
  A harpy skeleton (D:14)
  2 merfolk (Shoals:1)
  9 polar bears (Lair:6)
  2 jumping spiders (Spider:1)
  5 slime creatures (D:13)
  A hornet (D:13)
  3 raiju (Lair:6)
  A snapping turtle (Lair:3)
  3 blink frogs (Lair:5)
  Grinder (D:4)
  15 hippogriffs
  A dream sheep (Lair:4)
  A shadow (D:13)
  17 redbacks
  A spriggan skeleton (D:15)
  14 wraiths
  37 yaks
  5 tarantellas (Spider:1)
  2 vampires
  5 wyverns
  A fire bat (Volcano)
  Eustachio (D:5)
  A basilisk (shapeshifter) (D:13)
  2 basilisks (Lair:6)
  3 steam dragons (Lair:6)
  20 vampire mosquitoes
  3 hungry ghosts
  9 wargs
  Edmund (D:6)
  3 acid dragons
  12 water moccasins
  Duvessa (D:7)
  17 hell hounds
  9 porcupines
  A swamp drake (Lair:6)
  3 ice beasts
  12 black bears
  2 eyes of draining (D:11)
  A phantom (D:6)
  32 orc warriors
  A sky beast (D:10)
  2 necrophages
  7 ogres
  31 wolves
  16 centaurs
  13 crocodiles
  4 big kobolds
  22 bullfrogs
  2 wyvern zombies
  Blork the orc (D:6)
  Dowan (D:7)
  A wyvern skeleton (D:6)
  4 scorpions
  40 killer bees
  5 howler monkeys
  9 wights
  5 electric eels
  2 bullfrog zombies
  9 crimson imps
  2 centaur zombies
  9 hounds
  20 orc priests
  30 orc wizards
  10 iguanas
  4 jellies
  3 bullfrog skeletons
  5 hell rats
  14 worker ants
  2 hound skeletons
  A hound zombie (D:6)
  A worker ant zombie (D:4)
  16 gnolls
  18 adders
  6 river rats
  4 shadow imps
  An ooze (D:2)
  2 adder skeletons (D:6)
  6 worms
  A dart slug (D:3)
  10 leopard geckos
  77 orcs
  6 ball pythons
  3 giant cockroaches
  11 goblins
  4 hobgoblins
  14 jackals
  2 quokkas
  11 bats
  10 frilled lizards
  29 kobolds
  A leopard gecko skeleton (D:5)
  22 rats
  7 plants (Sewer)
  2 tentacles (Shoals:1)
963 creatures vanquished.

Vanquished Creatures (collateral kills)
  A kraken (Shoals:1)
  2 ugly things (D:14)
  A snapping turtle (Shoals:1)
  2 redbacks (Spider:1)
  A centaur (Shoals:1)
  2 tentacles (Shoals:1)
9 creatures vanquished.

Vanquished Creatures (others)
  A two-headed ogre (Volcano)
  2 slaves (D:6)
  A quokka (D:15)
  2 fungi (Lair:2)
  23 plants
  3 tentacles (Shoals:1)
  A withered plant (D:15)
33 creatures vanquished.

Grand Total: 1005 creatures vanquished

Notes
Turn   | Place    | Note
-------+----------+-------------------------------------------
     0 | D:1      | Krakonus1 the Minotaur Fighter began the quest for the Orb.
     0 | D:1      | Reached XP level 1. HP: 19/19 MP: 0/0
   108 | D:1      | Reached XP level 2. HP: 27/27 MP: 1/1
   548 | D:2      | Reached XP level 3. HP: 31/33 MP: 2/2
  1071 | D:2      | Reached XP level 4. HP: 37/40 MP: 3/3
  2205 | D:3      | Reached XP level 5. HP: 46/46 MP: 4/4
  2370 | D:4      | Got an ancient iron ring
  2393 | D:4      | Reached skill level 5 in Armour
  2486 | D:4      | Reached skill level 5 in Long Blades
  2486 | D:4      | Reached XP level 6. HP: 32/53 MP: 5/5
  2489 | D:4      | Reached skill level 1 in Dodging
  2515 | D:4      | Identified the ring "Jabbiuda" {*Tele rPois rC+ MR+} (You found it on level 4 of the Dungeon)
  2564 | D:4      | Reached skill level 5 in Shields
  2626 | D:4      | Found a glowing drain.
  2694 | Sewer    | Entered a sewer
  3544 | D:4      | Noticed Grinder
  3551 | D:4      | Killed Grinder
  3551 | D:4      | Reached XP level 7. HP: 57/60 MP: 6/6
  3811 | D:4      | Found a sacrificial altar of Ru.
  4032 | D:5      | Entered Level 5 of the Dungeon
  4056 | D:5      | Found a staircase to the Ecumenical Temple.
  4065 | Temple   | Entered the Ecumenical Temple
  4268 | Temple   | Became a worshipper of the Shining One
  4540 | D:5      | Noticed Eustachio
  4541 | D:5      | Reached skill level 5 in Fighting
  4565 | D:5      | Killed Eustachio
  4586 | D:5      | Reached XP level 8. HP: 65/68 MP: 7/7
  4872 | D:5      | Found a deep blue altar of Sif Muna.
  4872 | D:5      | Found a shattered altar of Ashenzari.
  4877 | D:5      | Found an ornate altar of the Wu Jian Council.
  4879 | D:5      | Found a blossoming altar of Fedhas.
  4884 | D:5      | Found a shadowy altar of Dithmenos.
  4989 | D:5      | Found an opulent altar of Gozag.
  5003 | D:5      | Found a hide-covered altar of Uskayaw.
  5170 | D:6      | Reached * piety under the Shining One
  5190 | D:6      | Found a radiant altar of Vehumet.
  5282 | D:6      | Noticed Blork the orc
  5290 | D:6      | Noticed Edmund
  5335 | D:6      | Killed Edmund
  5348 | D:6      | Killed Blork the orc
  5702 | D:6      | Noticed Pikel
  5711 | D:6      | Killed Pikel
  5711 | D:6      | Reached XP level 9. HP: 78/78 MP: 8/8
  5836 | D:6      | Found Gishad's Magic Scroll Boutique.
  6073 | D:7      | Noticed Duvessa
  6073 | D:7      | Noticed Dowan
  6080 | D:7      | Killed Duvessa
  6080 | D:7      | Reached skill level 10 in Long Blades
  6083 | D:7      | Killed Dowan
  6164 | D:7      | Noticed Joseph
  6174 | D:7      | Killed Joseph
  6283 | D:7      | Reached ** piety under the Shining One
  6827 | D:8      | Found a stormy altar of Qazlal.
  6922 | D:8      | Reached XP level 10. HP: 88/88 MP: 9/9
  7693 | D:9      | Found Volemagguixt's Jewellery Boutique.
  7806 | D:9      | Reached *** piety under the Shining One
  8048 | D:9      | Found a staircase to the Lair.
  8504 | D:9      | Found a staircase to the Orcish Mines.
  8771 | Orc:1    | Entered Level 1 of the Orcish Mines
  9147 | Orc:1    | Found Virhar's Weapon Shoppe.
  9223 | Orc:1    | Noticed crawdingle's ghost (journeyman CeHu)
  9275 | Orc:1    | Killed crawdingle's ghost
  9396 | Orc:1    | Reached skill level 10 in Armour
  9397 | Orc:1    | Reached XP level 11. HP: 81/97 MP: 10/10
  9473 | Orc:2    | Entered Level 2 of the Orcish Mines
  9473 | Orc:2    | Found a staircase to the Elven Halls.
  9473 | Orc:2    | Noticed an orc warlord
  9495 | Orc:1    | Reached **** piety under the Shining One
  9500 | Orc:1    | Killed an orc warlord
  9500 | Orc:1    | Reached skill level 10 in Shields
  9500 | Orc:1    | Reached skill level 1 in Evocations
 10437 | Orc:2    | Noticed an orc sorcerer
 10444 | Orc:2    | Noticed an orc sorcerer
 10446 | Orc:2    | Noticed an orc high priest
 10477 | Orc:1    | Upgraded the game from 0.20-a0-1034-gb277f92 to 0.20-a0-1039-gf554463
 10495 | Orc:1    | Killed an orc sorcerer
 10495 | Orc:1    | Reached skill level 10 in Fighting
 10673 | Orc:2    | Reached skill level 1 in Invocations
 10831 | Orc:2    | Noticed an orc sorcerer
 10836 | Orc:2    | Paralysed by an orc sorcerer for 6 turns
 10847 | Orc:2    | Killed an orc sorcerer
 10854 | Orc:2    | Noticed an orc high priest
 11184 | Orc:2    | Noticed an orc knight
 11308 | Orc:1    | Killed an orc knight
 11469 | Orc:2    | Killed an orc high priest
 11490 | Orc:2    | Noticed an orc sorcerer
 11501 | Orc:2    | Killed an orc sorcerer
 11575 | Orc:2    | Killed an orc sorcerer
 11590 | Orc:2    | Noticed an orc high priest
 11593 | Orc:2    | Noticed an orc knight
 11595 | Orc:2    | Noticed an orc knight
 11596 | Orc:2    | Killed an orc high priest
 11608 | Orc:2    | Killed an orc knight
 11617 | Orc:2    | Noticed an orc knight
 11617 | Orc:2    | Gained mutation: You expend magic power (3 MP) to strengthen your wands. [potion of mutation]
 11617 | Orc:2    | Gained mutation: Your spells are a little harder to cast, but a little more powerful. [potion of mutation]
 11617 | Orc:2    | Gained mutation: You are partially covered in molten scales. (AC +2) [potion of mutation]
 11623 | Orc:2    | Killed an orc knight
 11623 | Orc:2    | Reached XP level 12. HP: 79/108 MP: 7/13
 11644 | Orc:2    | Killed an orc high priest
 11701 | Orc:2    | Found Ileittoc's Weapon Emporium.
 11701 | Orc:2    | Found Wamias's Distillery.
 11704 | Orc:2    | Found Kevann's Antique Weapon Boutique.
 11704 | Orc:2    | Found Hutreagu's Weapon Boutique.
 11977 | Orc:2    | Bought a potion of resistance for 150 gold pieces
 11977 | Orc:2    | Bought a potion of might for 60 gold pieces
 11977 | Orc:2    | Bought 2 potions of haste for 300 gold pieces
 11977 | Orc:2    | Bought a potion of might for 60 gold pieces
 11977 | Orc:2    | Bought 2 potions of heal wounds for 150 gold pieces
 11977 | Orc:2    | Bought a potion of curing for 45 gold pieces
 11977 | Orc:2    | Bought a potion of might for 60 gold pieces
 12058 | D:10     | Entered Level 10 of the Dungeon
 12233 | D:10     | Reached ***** piety under the Shining One
 12367 | D:10     | Noticed badtown's ghost (journeyman GnWn)
 12382 | D:10     | Killed badtown's ghost
 13229 | D:11     | Reached skill level 5 in Invocations
 13309 | D:11     | Noticed Lucherd's ghost (novice FoFi)
 13331 | D:11     | Killed Lucherd's ghost
 13532 | D:12     | Noticed a two-headed ogre
 13554 | D:12     | Killed a two-headed ogre
 13572 | D:12     | Noticed a two-headed ogre
 13588 | D:12     | Killed a two-headed ogre
 13689 | D:12     | Noticed a two-headed ogre
 13694 | D:12     | Killed a two-headed ogre
 13984 | D:12     | Reached XP level 13. HP: 102/117 MP: 16/16
 14982 | D:13     | Reached ****** piety under the Shining One
 15188 | D:13     | Found a gate to the Vaults.
 15787 | Lair:1   | Entered Level 1 of the Lair of Beasts
 15935 | Lair:1   | Learned a level 1 spell: Apportation
 15937 | Lair:1   | Learned a level 1 spell: Summon Small Mammal
 15939 | Lair:1   | Learned a level 1 spell: Confusing Touch
 15941 | Lair:1   | Learned a level 1 spell: Flame Tongue
 15943 | Lair:1   | Learned a level 1 spell: Magic Dart
 16187 | Lair:1   | Noticed Fannar
 16212 | Lair:1   | Killed Fannar
 16480 | Lair:1   | Reached skill level 5 in Dodging
 16819 | Lair:2   | Noticed Urug
 16838 | Lair:2   | Killed Urug
 16969 | Lair:2   | Noticed Gastronok
 17032 | Lair:2   | Killed Gastronok
 17224 | Lair:2   | Reached skill level 15 in Shields
 17971 | Lair:3   | Found a hole to the Spider Nest.
 17982 | Lair:3   | Reached XP level 14. HP: 129/129 MP: 18/18
 18012 | Lair:3   | Noticed Snorg
 18024 | Lair:3   | Killed Snorg
 18213 | Lair:3   | Found a staircase to the Shoals.
 18660 | Shoals:1 | Entered Level 1 of the Shoals
 18660 | Shoals:1 | Found Healete's Armour Shoppe.
 18757 | Shoals:1 | Found Ichuv's Weapon Emporium.
 19940 | Lair:5   | Found a dark tunnel.
 19945 | Volcano  | Entered a volcano
 20361 | Lair:5   | Found a runed door.
 20361 | Lair:5   | Found a viscous altar of Jiyva.
 20370 | Lair:5   | Found a staircase to the Slime Pits.
 20371 | Lair:5   | Noticed an acid blob
 20522 | Lair:5   | Noticed aTarkinC's ghost (journeyman GrFE)
 20547 | Lair:5   | Killed aTarkinC's ghost
 21779 | Lair:6   | Entered Level 6 of the Lair of Beasts
 21885 | Lair:6   | Reached skill level 15 in Armour
 21909 | Lair:6   | Reached skill level 15 in Fighting
 23047 | D:9      | Bought the ring "Lekeig" {+Fly rC+ Str+4 Dex+4} for 724 gold pieces
 23473 | Lair:6   | Reached XP level 15. HP: 126/141 MP: 17/21
 23513 | Lair:6   | Reached skill level 10 in Invocations
 24590 | Lair:1   | Got a distressingly furry chain mail
 24601 | Lair:1   | Identified the +2 chain mail of the Soldier {MP-9 Int+5} (You found it on level 1 of the Lair of Beasts)
 24710 | Lair:6   | Got a jewelled morningstar
 24711 | Lair:6   | Identified the cursed +3 morningstar "Tarotiug" {drain, *Noise MR+ Str-2 Dex+6} (You found it on level 6 of the Lair of Beasts)
 25751 | D:14     | Reached skill level 10 in Dodging
 26185 | D:14     | Found Doqa's Magic Scroll Shop.
 26195 | D:14     | Bought a scroll of teleportation for 39 gold pieces
 26195 | D:14     | Bought a scroll of teleportation for 39 gold pieces
 26700 | D:15     | Entered Level 15 of the Dungeon
 26700 | D:15     | Found a staircase to the Depths.
 26813 | D:15     | Found a portal to a secret trove of treasure.
 27079 | D:15     | Found Cilae's Assorted Antiques.
 27082 | D:15     | Noticed Sonja
 27127 | D:15     | Killed Sonja
 27210 | D:15     | Found a white marble altar of Elyvilon.
 27239 | D:15     | Noticed Josephine
 27246 | D:15     | Killed Josephine
 27446 | D:15     | Noticed Roxanne
 27570 | D:15     | Killed Roxanne
 27571 | D:15     | Identified Roxanne's Disquisition on Earth (You took it off Roxanne on level 15 of the Dungeon)
 27583 | D:15     | Learned a level 1 spell: Sandblast
 27586 | D:15     | Learned a level 2 spell: Passwall
 27924 | D:15     | Reached XP level 16. HP: 130/149 MP: 20/24
 28286 | Shoals:1 | Upgraded the game from 0.20-a0-1039-gf554463 to 0.20-a0-1043-gbd57889
 28301 | Shoals:1 | Found Figuusos's Assorted Antiques.
 28308 | Shoals:1 | Noticed a kraken
 28322 | Shoals:1 | Killed a kraken
 28650 | D:9      | Bought the ring "Wenguam" {rPois Int+7 Stlth-} for 501 gold pieces
 28782 | Spider:1 | Entered Level 1 of the Spider Nest
 29420 | Spider:1 | HP: 10/149 [redback (5)]
 29422 | Spider:1 | HP: 4/149 [redback (9)]
 29423 | Spider:1 | Mangled by an emperor scorpion

Vault maps used:
D:1:      dpeg_arrival_tiny_f, dk_noncrumbling_3
D:4:      marbit_many_paths, first_bread, gup_sewer_entry_bubbles, uniq_grinder
D:5:      chequers_temple_overflow_minitemple, amethyst_overflow_temple_binary,
          minmay_temple_entry_metal_lava, minivault_19, uniq_eustachio
D:6:      serial_shops, nicolae_shop_crystal, basic_altar, uniq_edmund,
          uniq_pikel, uniq_blork_the_orc
D:7:      uniq_joseph, uniq_duvessa
D:8:      minmay_cornered_nines, overflow_temple_1_default, blue_anna_alchemist
D:9:      erik_lair_orcish_takeover, david_orc_4, serial_shops, shop
D:13:     erik_vaults_1, minmay_guarded_unrand_finisher
D:14:     serial_park_gazebo, serial_shops, shop
D:15:     gammafunk_depths_entry_grave, serial_bayou_lagoon_a, enter_trove_1,
          serial_shops, shop, grunt_ministairs_5, minmay_misc_feat_ornament,
          minmay_misc_feat_iff, elyvilon_altar_4, uniq_roxanne, uniq_josephine,
          uniq_sonja
Temple:   nicolae_temple_figure_eight
Lair:1:   beast_lair_carwin_large_2, serial_bayou_pond_b,
          infiniplex_staircase_pool, uniq_fannar
Lair:2:   grunt_megastairs_2, uniq_gastronok, uniq_urug
Lair:3:   minmay_shoals_entry_hut, spider_nest_entry_webs, st_stairs_3,
          uniq_snorg
Lair:4:   kennysheep_abandoned_house
Lair:5:   regret_index_bee_streams, slime_altar_2, nicolae_volcano_entry_s_turn
Lair:6:   hangedman_lair_caniforms_friends, guppyfry_lair_end_dragon,
          nicolae_quartered_pool_super, serial_bayou_shore_a
Shoals:1: serial_shops, nicolae_shop_competitors_out_of_business, shop,
          shop_fountains
Spider:1: special_room, spider_trap
Orc:1:    serial_shops, nicolae_shop_competitors_out_of_business
Orc:2:    st_orc_elflike
Sewer:    sewer_co_scattered_pipes
Volcano:  volcano_village

Skill      XL: |  1  2  3  4  5  6  7  8  9 10 11 12 13 14 15 16 |
---------------+-------------------------------------------------+-----
Shields        | 4 5 6 7 8 9 11 13 15 | 15.2
Armour         | 4 5 6 7 8 10 12 13 15 | 15.0
Long Blades    | 3 4 5 6 7 9 11 12 | 12.0
Fighting       | 4 5 6 8 9 10 11 13 15 | 15.0
Dodging        | 1 2 3 4 5 6 10 | 10.5
Evocations     | 1 2 |  2.5
Invocations    | 3 6 7 9 13 14 | 14.4

Action                   |  1- 3 |  4- 6 |  7- 9 | 10-12 | 13-15 | 16-18 || total
-------------------------+-------+-------+-------+-------+-------+-------++-------
Melee: Long sword        |   113 |   286 |   283 |   765 |  1250 |       ||  2697
       Headbutt          |     9 |    46 |    45 |   153 |   405 |    62 ||   720
       Scimitar          |       |       |       |       |   393 |   152 ||   545
Invok: Divine Shield     |       |       |       |     2 |     3 |     3 ||     8
       Summon Divine War |       |       |       |       |     1 |     2 ||     3
 Abil: Evoke Flight      |       |       |       |       |       |     1 ||     1
Evoke: Wand              |       |     4 |     1 |    20 |    18 |    19 ||    62
       Lamp of fire      |       |       |       |     1 |     1 |       ||     2
       Fan of gales      |       |       |       |       |     1 |     1 ||     2
       Sack of spiders   |       |       |       |       |       |     1 ||     1
  Use: Scroll            |       |    14 |    10 |     9 |     6 |     8 ||    47
       Potion            |       |       |     1 |    11 |    12 |     6 ||    30
  Eat: Chunk             |     1 |     7 |    11 |    24 |    46 |     6 ||    95
       Bread ration      |       |     1 |       |       |       |       ||     1
       Royal jelly       |       |       |       |     1 |       |       ||     1
Armor: Scale mail        |    35 |    63 |    17 |       |       |       ||   115
       Chain mail        |       |       |    46 |    16 |       |       ||    62
       Plate armour      |       |       |       |   248 |   567 |   120 ||   935
Dodge: Dodged            |    37 |    59 |    54 |   159 |   444 |   126 ||   879
Block: Shield            |    62 |   102 |   122 |   430 |  1199 |   273 ||  2188
       Rpst.: Long sword |    11 |    16 |    14 |    35 |    82 |       ||   158
       Scimitar          |       |       |       |       |    19 |    26 ||    45
